Map: Cactus Valley LE (Void)

Players

PiG

  • Race: Protoss Protoss
  • League: Grandmaster
  • Spawn Location: 11:00

A.I. 1 (Very Easy) - Winner!

  • Race: Terran Terran
  • Spawn Location: 5:00

VOD

Have the link to the VOD?

Description

Solid Beginner Toss Opening for all 3 matchups

Time

  • Played on: April 12, 2017, 3:25 a.m.
  • Length: 17:37
Show
View Real Time Build Order
Export as new Build Order

PiG Protoss 

Build Orders: 1 Gate Expand 

Get SALT Encoding   

  12  0:00  Probe (Chrono Boost)  
  13  0:11  Probe (Chrono Boost)  
  14  0:21  Pylon  
  14  0:23  Probe (Chrono Boost)  
  15  0:39  Probe (Chrono Boost)  
  15  0:40  Gateway  
  16  0:45  Assimilator  
  16  0:49  Probe (Chrono Boost)  
  17  1:01  Probe (Chrono Boost)  
  18  1:12  Probe (Chrono Boost)  
  19  1:24  Nexus  
  19  1:36  Cybernetics Core  
  19  1:39  Probe (Chrono Boost)  
  20  1:50  Probe (Chrono Boost)  
  20  1:52  Pylon  
  21  2:00  Probe (Chrono Boost)  
  22  2:11  Probe (Chrono Boost)  
  22  2:12  Adept, Warp Gate  
  26  2:23  Probe (Chrono Boost)  
  25  2:34  Mothership Core (Chrono Boost)  
  27  2:39  Probe (Chrono Boost)  
  28  2:45  Adept  
  28  2:49  Probe (Chrono Boost)  
  28  2:50  Gateway  
  31  2:51  Gateway  
  31  2:52  Probe (Chrono Boost)  
  31  2:57  Assimilator  
  32  3:00  Probe (Chrono Boost)  
  32  3:03  Probe (Chrono Boost)  
  34  3:10  Probe (Chrono Boost)  
  34  3:12  Pylon  
  35  3:13  Probe (Chrono Boost)  
  35  3:14  Adept  
  38  3:21  Probe (Chrono Boost)  
  38  3:24  Probe (Chrono Boost)  
  40  3:31  Probe (Chrono Boost)  
  41  3:35  Robotics Facility  
  41  3:40  Twilight Council  
  41  3:44  Probe x2 (Chrono Boost)  
  43  3:51  Pylon  
  43  3:54  Probe (Chrono Boost)  
  43  3:55  Probe (Chrono Boost)  
  45  4:05  Probe (Chrono Boost)  
  45  4:06  Probe (Chrono Boost)  
  47  4:15  Resonating Glaives, Adept x3, Probe (Chrono Boost)  
  54  4:18  Probe (Chrono Boost)  
  54  4:20  Assimilator  
  54  4:22  Assimilator  
  54  4:23  Observer  
  55  4:27  Probe (Chrono Boost)  
  55  4:30  Probe (Chrono Boost)  
  58  4:37  Adept x2  
  62  4:41  Pylon  
  62  4:49  Pylon  
  62  4:54  Immortal  
  68  5:01  Probe x2 (Chrono Boost)  
  68  5:10  Gateway  
  68  5:12  Gateway  
  68  5:13  Probe (Chrono Boost), Gateway  
  69  5:15  Gateway  
  69  5:17  Pylon  
  69  5:20  Adept  
  71  5:23  Probe (Chrono Boost)  
  72  5:28  Immortal  
  76  5:44  Nexus  
  76  5:53  Adept  
  76  5:54  Adept x2  
  81  7:27  Pylon  
  81  7:47  Gateway  
  81  7:49  Gateway  
  81  7:56  Robotics Facility  
  81  8:28  Pylon  
  81  8:47  Gateway  
  81  8:49  Gateway  
  81  10:50  Adept x4  
  81  10:51  Adept x3  
  95  12:57  Templar Archives  
  92  15:44  Pylon  
  92  15:45  Pylon  
  92  15:47  Adept x5, Pylon  
Show
View Real Time Build Order
Export as new Build Order

A.I. 1 (Very Easy) Terran - Winner!

Build Orders:  

Get SALT Encoding   

  12  0:00  SCV  
  13  0:13  SCV  
  14  0:20  Supply Depot  
  14  0:37  Refinery  
  14  0:43  Barracks  
  14  1:06  Supply Depot  
  14  1:12  Refinery  
  14  1:30  Marine  
  14  1:31  Orbital Command  
  15  1:56  SCV  
  16  2:08  SCV  
  16  2:13  Marine  
  18  2:21  SCV  
  19  2:32  Barracks Tech Lab  
  19  2:33  SCV  
  20  2:45  SCV  
  21  2:56  Marauder  
  21  2:57  SCV  
  24  6:30  SCV  
  24  6:31  Marine  
  24  6:32  Supply Depot  
  26  6:34  Factory  
  26  6:40  Command Center  
  26  6:42  SCV  
  27  6:55  Supply Depot  
  27  7:05  Marine  
  26  7:19  Starport  
  24  7:39  Marine  
  25  7:53  SCV  
  26  7:59  Refinery  
  26  8:00  SCV, Starport Tech Lab  
  27  8:05  Refinery  
  27  8:07  SCV  
  28  8:14  Marine, SCV  
  28  8:19  Raven  
  32  8:22  SCV  
  33  8:29  SCV  
  34  8:36  SCV  
  35  8:43  SCV  
  35  8:48  Marine  
  36  8:51  SCV  
  38  8:58  SCV  
  38  9:02  Raven  
  41  9:05  SCV  
  42  9:12  SCV  
  43  9:19  SCV  
  43  9:23  Marauder  
  46  9:26  SCV  
  47  9:34  SCV  
  48  9:41  SCV  
  49  9:48  SCV  
  50  9:55  SCV  
  51  12:20  Medivac, Reaper  
  51  12:21  Supply Depot  
  54  12:34  Command Center  
  54  12:50  Medivac  
  56  12:52  Reaper  
  57  13:20  Raven  
  57  13:25  Marauder  
  54  13:45  Marine  
  55  13:59  Refinery  
  55  14:04  Marauder  
  55  14:06  Refinery  
  57  14:25  Marine  
  58  14:42  Marine  
  59  15:00  Marine  
  60  15:18  Marine  
  61  16:41  Marine  
  62  16:59  Marine  
  63  17:17  Marine  
Tags
 
Add a new tag
Caveats
  • Supply blocks, unpowered buildings, or Contaminate may cause inaccurate times.
  • Supply counts are checked every 10 seconds.